 Dungeon Crawl Stone Soup version 0.18.1-48-g4cf74bf (webtiles) character file.

129 Heedrag the Conjurer (level 4, 0/24 HPs)
             Began as a Deep Elf Conjurer on Aug 13, 2016.
             Succumbed to a killer bee's poison
             ... on level 3 of the Dungeon.
             The game lasted 00:04:49 (2104 turns).

Heedrag the Conjurer (Deep Elf Conjurer)            Turns: 2104, Time: 00:04:50

Health: 0/24       AC:  4    Str:  6    XL:     4   Next: 88%
Magic:  4/12       EV: 13    Int: 20    God:
Gold:   118        SH:  0    Dex: 15    Spells: 2 memorised, 7 levels left

rFire  . . .     SeeInvis .     l - -3 dagger (curse)
rCold  . . .     Gourm    .     a - +0 robe
rNeg   . . .     Faith    .     (no shield)
rPois  .         Spirit   .     (no helmet)
rElec  .         Dismiss  .     j - +0 cloak
rCorr  .         Reflect  .     (no gloves)
SustAt .         Harm     .     e - +0 pair of boots
MR     .....                    (no amulet)
Stlth  ++........               (no ring)
                                (no ring)

@: lethally poisoned (0 -> -17), invisible, not resistant to hostile
enchantments, unstealthy
A: no striking features
a: no special abilities


You were on level 3 of the Dungeon.
You were not hungry.

You visited 1 branch of the dungeon, and saw 4 of its levels.

You collected 118 gold pieces.

Inventory:

Hand Weapons
 l - a cursed -3 dagger (weapon)
Armour
 a - a +0 robe (worn)
 e - a +0 pair of boots (worn)
 j - a +0 cloak (worn)
 s - a +0 shield
Wands
 y - a wand of lightning (7/15)
Scrolls
 d - 2 scrolls of random uselessness {unknown}
 k - a scroll of magic mapping {unknown}
 m - a scroll of recharging {unknown}
 n - a scroll of teleportation {unknown}
 o - a scroll of immolation {unknown}
 q - 2 scrolls of identify {unknown}
 r - a scroll of fear {unknown}
 u - a scroll of amnesia {unknown}
 v - a scroll of enchant weapon {unknown}
 w - a scroll of remove curse {unknown}
 x - a scroll of enchant armour {unknown}
 C - a scroll of fog {unknown}
Potions
 g - a potion of curing {unknown}
 i - a potion of haste {unknown}
 p - a potion of flight {unknown}
 t - a potion of cure mutation {unknown}
 z - a potion of degeneration {unknown}
Books
 b - a book of Conjurations

   Spells                             Type                      Level
   a - Magic Dart                     Conjuration                  1
   b - Searing Ray                    Conjuration                  2
   c - Dazzling Spray                 Conjuration/Hexes            3
   d - Fulminant Prism                Conjuration/Hexes            4
   e - Iskenderun's Mystic Blast      Conjuration                  4
   f - Iskenderun's Battlesphere      Conjuration/Charms           5
Comestibles
 c - 2 bread rations
 h - 4 meat rations
 A - a chunk of flesh
 B - a beef jerky


   Skills:
 - Level 2.4 Dodging
 - Level 2.4 Stealth
 + Level 4.6 Spellcasting
 * Level 6.1 Conjurations


You had 7 spell levels left.
You knew the following spells:

 Your Spells              Type           Power        Failure   Level  Hunger
a - Magic Dart            Conj           ####         1%          1    None
b - Iskenderun's Mystic   Conj           ####....     12%         4    ####...


Dungeon Overview and Level Annotations

Branches:
Dungeon (4/15)
 Temple: D:4-7

Altars:
Dithmenos
Okawaru
Trog


Message History

Tha killer bee be moderately wounded.
Tha killer bee stin's ye.
* * * LOW HITPOINT WARNIN'
* * * Ye be more poison'd.
Tha killer bee poisons ye!
Tha killer bee barely misses ye.
Castin': Magic Dart Confirm wit' . or Enter, or press ? or * ta list all spells.
Aimin': Magic Dart
Press: ? - help, Shift-Dir - straight line, f/p - killer bee
Aim: a killer bee (moderately wounded) Tha magic dart hits tha killer bee.
Tha killer bee be heavily wounded.
* * * LOW HITPOINT WARNIN'
* * * Ye feel sick.
Tha killer bee stin's ye.
* * * LOW HITPOINT WARNIN'
* * * Tha killer bee misses ye.
Drink which item? (? fer menu, 'sc ta quit) It was a potion o' invisibility.
Ye fade inta invisibility!
Ye die...

#........# #.# #.# ##.
#.#.###### #.# #.# #.
###.#.# #.# #.# #.
.#....# #.# #.# #.
......##########.# #.#
#. .#...............#
#†# #.
.##.#.############ #.#
#. .#........########
#<## #.
................@# #..#
#. .#.....##.######y#
##.# #. ....†#.##.# #.#
#.# ## ###....##.# #(#
#.# ##...####.# #.#
#.#### #.....###.# #.#
#.#... ......##..# #.#
#.#.##
#.....#...######.######
#.....
##.).#................#
#.....


You could see a killer bee.

Vanquished Creatures
  A hound zombie (D:4)
  4 adders
  An ooze (D:1)
  A worm (D:2)
  3 dart slugs
  2 giant geckos
  2 orcs
  2 giant cockroaches
  11 goblins
  5 hobgoblins
  6 jackals
  A quokka (D:2)
  9 bats
  2 giant newts (D:3)
  4 kobolds
  5 rats
59 creatures vanquished.

Notes
Turn   | Place    | Note
--------------------------------------------------------------
     0 | D:1      | Heedrag the Deep Elf Conjurer began the quest for the Orb.
     0 | D:1      | Reached XP level 1. HP: 10/10 MP: 6/6
   135 | D:1      | Reached XP level 2. HP: 13/15 MP: 0/8
   251 | D:1      | Reached skill level 5 in Conjurations
   603 | D:1      | Reached XP level 3. HP: 19/19 MP: 6/10
   754 | D:2      | Found an iron altar of Okawaru.
  1494 | D:3      | Reached XP level 4. HP: 24/24 MP: 7/12
  1528 | D:3      | Found a shadowy altar of Dithmenos.
  1803 | D:3      | Learned a level 4 spell: Iskenderun's Mystic Blast
  1896 | D:3      | Found a bloodstained altar of Trog.
  2021 | D:3      | Reached skill level 6 in Conjurations
  2103 | D:3      | HP: 1/24 [killer bee (3)]
  2104 | D:3      | Succumbed to a killer bee's poison

Skill      XL: |  1  2  3  4 |
---------------+-------------+-----
Conjurations   | 5 6 |  6.1
Spellcasting   | 4 |  4.6
Dodging        | |  2.4
Stealth        | |  2.4

Action                   |  1- 3 |  4- 6 || total
-------------------------+-------+-------++-------
Melee: Dagger            |       |     3 ||     3
 Cast: Magic Dart        |    81 |    46 ||   127
  Use: Potion            |       |     1 ||     1
  Eat: Chunk             |     2 |     1 ||     3
Armor: Robe              |     2 |     4 ||     6
Dodge: Dodged            |     3 |    11 ||    14
